cohdb
Replays
Latest Replays
All Replays
Popular Replays
Top Player Replays
Match Explorer
How It Works
Community
CoH3 Stats
Reddit
Sign in to upload your games and track your stats! →
Sign in with Steam
Match 37323044
Unlisted
Match 37323044
Overview
Messages
Build Orders
End
Construct Barracks
Selects Special Operations Battlegroup
Engineer Squad
Riflemen Squad
M1 Mortar Team
Grenade Package
Mechanized Support Center
Riflemen Squad
Construct Weapon Support Center
M1918 Browning Automatic Rifles
M1919 Machine Gun Team
M16 Multiple Gun Motor Carriage
Bazooka Squad
Bazooka Squad
Improved M9 Bazooka Rockets
Selects Raiding Flares
Selects SSF Commando Squad
Raiding Flares
Construct Tank Depot
Selects M29 Weasel with M1 Pack Howitzer
M4A1 Sherman Medium Tank
SSF Commando Squad
M4A1 76mm Conversion
Improvised Armor
Selects P-47 Anti-Infantry Loiter
KiabálósGaming
Naggez
MR.Elpőehant
[1CDO]Kristensen
Sombra
Hepa
lplp4943718
2289090854
0
0
Comments
sign in to comment!
No comments posted yet!